 Dungeon Crawl Stone Soup version 0.26-a0-190-g75a3d40d47 (console) character file.

Game seed: 15632431630047304691

23 bli the Ruffian (level 2, -4/23 HPs)
             Began as a Draconian Transmuter on July 4, 2020.
             Slain by a worm (11 damage)
             ... on level 2 of the Dungeon.
             The game lasted 00:02:00 (1073 turns).

bli the Ruffian (Draconian Transmuter)              Turns: 1073, Time: 00:02:00

Health: -4/23      AC:  4    Str: 12    XL:     2   Next: 72%
Magic:  4/5        EV: 12    Int: 13    God:
Gold:   45         SH:  0    Dex: 11    Spells: 2/5 levels left

rFire    . . .     SeeInvis .     - Unarmed
rCold    . . .     Faith    .   (no shield)
rNeg     . . .     Spirit   .   (armour unavailable)
rPois    .         Reflect  .   (helmet restricted)
rElec    .         Harm     .   (no cloak)
rCorr    .                      (no gloves)
MR       .....                  (boots currently unavailable)
Stlth    +.........             (no amulet)
HPRegen  0.07/turn              (no ring)
MPRegen  0.09/turn              (no ring)

@: appendage
A: unfitting armour, talons 3, cold-blooded, AC +4
a: End Transformation


You were on level 2 of the Dungeon.
You were hungry.
You had grown temporary talons.
You visited 1 branch of the dungeon, and saw 2 of its levels.

You collected 45 gold pieces.

Inventory:

Hand Weapons
 j - a +0 hunting sling
Missiles
 a - 53 arrows
 b - 74 stones (quivered)
 h - 18 sling bullets
Scrolls
 f - 2 scrolls of identify {unknown}
 i - 2 scrolls of enchant weapon {unknown}
 l - a scroll of fog {unknown}
Potions
 e - a potion of cancellation {unknown}
 g - a potion of brilliance {unknown}
 k - a potion of magic {unknown}
Comestibles
 c - a ration


   Skills:
 + Level 1.1 Fighting
 - Level 1.7 Dodging
 * Level 4.0 Unarmed Combat
 - Level 2.0 Spellcasting
 - Level 2.0 Transmutations


You had 2 spell levels left.
You knew the following spells:

 Your Spells              Type           Power        Failure   Level  Hunger
a - Beastly Appendage     Tmut           #.....       11%         1    ##.....
b - Sticks to Snakes      Tmut           #.......     17%         2    ###....

Your spell library contained the following spells:

 Spells                   Type           Power        Failure   Level  Hunger
 Spider Form              Tmut/Pois      #.........   45%         3    ####...
 Ice Form                 Ice/Tmut       #.......     86%         4    #####..
 Blade Hands              Tmut           #.........   97%         5    ######.


Dungeon Overview and Level Annotations

Branches:
Dungeon (2/15)

Altars:


Innate Abilities, Weirdness & Mutations

Your plain brown scales are hard. (AC +4)
You cannot fit into any form of body armour.
You are cold-blooded and may be slowed by cold attacks.
You have claws for feet.


Message History

Throwing (i - inventory)
b - 76 stones (quivered)
Press: ? - help, Shift-Dir - straight line, f/p - worm
Aim: a worm (moderately wounded)
You throw a stone. The stone barely misses the worm.
You hit the worm but do no damage.
The worm is moderately wounded.
There is a stone staircase leading up here.
Throwing (i - inventory)
b - 75 stones (quivered)
Press: ? - help, Shift-Dir - straight line, f/p - worm
Aim: a worm (lightly wounded)
You throw a stone.
The stone hits the worm but does no damage.
The worm is lightly wounded.
Casting: Beastly Appendage (safe; 11% risk of failure)
Confirm with . or Enter, or press ? or * to list all spells.
Your feet morph into talons.
You hit the worm.
The worm is moderately wounded.
The worm bites you!
You die...

< #.# .. #.# .### #.# ..#
#### ###.# #.###.. ..#<#
#..##.# #.#.#
###..##.#######.#.#
....(((.((....#.#.#
.###.##.#####..w@.########
...##.#......#..........
#.#.##.#.####...#########
#.#.##.#.# ##.## #
#.##.#.# #.# #.##.#.# #.#
..##.#.#####.#
.####.........#
#........#######
##########


You could see a worm.

Vanquished Creatures
  An ooze (D:1)
  2 bats (D:1)
  A giant cockroach (D:1)
  5 hobgoblins (D:1)
  A frilled lizard (D:1)
  4 goblins (D:1)
  2 kobolds
  A rat (D:1)
17 creatures vanquished.

Notes
Turn   | Place    | Note
-------+----------+-------------------------------------------
     0 | D:1      | bli the Draconian Transmuter began the quest for the Orb.
     0 | D:1      | Reached XP level 1. HP: 16/16 MP: 3/3
   218 | D:1      | Reached XP level 2. HP: 17/23 MP: 3/5
   228 | D:1      | Learned a level 2 spell: Sticks to Snakes
   749 | D:1      | Reached skill level 4 in Unarmed Combat
  1073 | D:2      | Slain by a worm

Illustrated notes

Levels and vault maps discovered:
D:1:      lemuel_arrival_cross, layout_loops_ring, minmay_strange_pillars,
          minmay_misc_feat_encased, minmay_hedge_maze, minmay_crystal_room,
          nrook_loot_triangle, minmay_distorted
D:2:      cheibrodos_greedy_goblins, layout_loops_ring,
          chequers_ecumenical_altar_island, kennysheep_generic_room_7

Skill      XL: |  1  2 |
---------------+-------+-----
Unarmed Combat | 4 |  4.0
Fighting       | |  1.1
Dodging        | |  1.7
Spellcasting   | |  2.0
Transmutations | |  2.0

Action                   || total
-------------------------++-------
Melee: Unarmed           ||    69
       Headbutt          ||     4
       Tailslap          ||     7
       Punch             ||     2
       Kick              ||     1
Throw: Stone             ||     6
 Cast: Beastly Appendage ||     7
Armor: Skin              ||    11
Dodge: Dodged            ||    37

Table legend:
 A = Non-vault XP
 B = Vault XP
 C = Vault XP percentage of total XP
 D = Non-vault monster count
 E = Vault monster count
 F = Vault count percentage of total count
                 A         B        C        D         E       F
            +---------+---------+-------+---------+---------+-------
      Total |      23 |      10 |  30.3 |      14 |       3 |  17.6
            +---------+---------+-------+---------+---------+-------
        D:1 |      21 |      10 |  32.3 |      13 |       3 |  18.8
        D:2 |       2 |       0 |   0.0 |       1 |       0 |   0.0
            +---------+---------+-------+---------+---------+-------
